 Dungeon Crawl Stone Soup version 0.29.1-1-gd02db6906a (webtiles) character file.

Game seed: 7025614672270592817

58 fireball365 the Digger (level 3, -4/26 HPs)
             Began as a Demigod Earth Elementalist on Oct 7, 2022.
             Slain by Natasha (8 damage)
             ... on level 2 of the Dungeon.
             The game lasted 00:07:08 (1563 turns).

fireball365 the Digger (Demigod Earth Elementalist) Turns: 1563, Time: 00:07:11

Health: -4/26      AC:  4    Str:  9    XL:     3   Next: 51%
Magic:  0/9        EV: 12    Int: 17    God:
Gold:   79         SH:  0    Dex: 18    Spells: 6/7 levels left

rFire   . . .      SeeInvis .   q - +2 hand axe (flame)
rCold   . . .      Faith    +   (no shield)
rNeg    . . .      Spirit   .   d - +0 leather armour
rPois   .          Reflect  .   m - +0 helmet
rElec   .          Harm     .   (no cloak)
rCorr   .          Rampage  .   (no gloves)
Will    .....                   (no boots)
Stlth   ++........              t - amulet of faith
HPRegen 0.08/turn               (no ring)
MPRegen 0.11/turn               (no ring)

@: very slightly contaminated
A: high MP 1, forlorn, divine attributes
a: no special abilities


You were on level 2 of the Dungeon.
You visited 1 branch of the dungeon, and saw 2 of its levels.

You collected 79 gold pieces.

Inventory:

Hand Weapons
 f - a +0 whip
 j - a +0 dagger
 q - a +2 hand axe of flaming (weapon)
Missiles
 e - 17 stones
 n - 3 atropa-tipped darts
Armour
 a - a +0 robe
 c - a +0 leather armour
 d - a +0 leather armour (worn)
 m - a +0 helmet (worn)
Magical Staves
 p - a staff of death
Jewellery
 t - an amulet of faith (around neck)
Scrolls
 i - a scroll of poison {unknown}
 o - a scroll of torment {unknown}
 r - a scroll of teleportation {unknown}
 s - a scroll of fear {unknown}
 u - a scroll of identify {unknown}
 w - a scroll of amnesia {unknown}
Potions
 b - a potion of magic
 g - a potion of might {unknown}
 h - a potion of berserk rage {unknown}
 k - a potion of heal wounds {unknown}
 l - a potion of curing
 v - a potion of ambrosia {unknown}


   Skills:
 + Level 0.1 Armour
 + Level 1.8 Dodging
 + Level 2.1 Stealth
 + Level 2.7 Spellcasting
 + Level 0.8 Transmutations
 + Level 3.3 Earth Magic


You had 6 spell levels left.
You knew the following spells:

 Your Spells              Type           Power      Damage    Failure   Level
a - Sandblast             Erth           26%        2d8       6%          1

Your spell library contained the following spells:

 Spells                   Type           Power      Damage    Failure   Level
 Passwall                 Tmut/Erth      7%         N/A       16%         2
 Stone Arrow              Conj/Erth      16%        3d8       36%         3
 Petrify                  Tmut/Erth      9%         N/A       71%         4


Dungeon Overview and Level Annotations

Branches:
Dungeon (2/15)

Annotations:
D:2 Natasha


Innate Abilities, Weirdness & Mutations

You have an increased reservoir of magic. (+10% MP)
You shall have no god before yourself.
Your divine heritage dramatically boosts your attributes as you level up.


Message History

Natasha stares at you and mumbles some strange words.
You resist with some effort.
The crimson imp shouts, "Take thy face hence, thou quaking weather-bitten mammet!"
The crimson imp completely misses you.
The blast of sand misses the crimson imp.
Natasha claws you! The crimson imp closely misses you.
The blast of sand hits the crimson imp.
The crimson imp is lightly wounded.
Natasha claws you but does no damage.
The crimson imp blinks!
Natasha claws you but does no damage.
The blast of sand hits Natasha.
Natasha is moderately wounded.
Natasha barely misses you.
You miscast Sandblast.
You are very lightly contaminated with residual magic.
Nothing appears to happen.
Natasha stares at you and mumbles some strange words.
The magic dart hits you.
You are too injured to fight recklessly!
You are too injured to fight recklessly!
Casting: Sandblast (safe; 6% risk of failure)
Confirm with . or Enter, or press ? or * to list all spells.
Aiming: Sandblast (safe; 6% risk of failure)
Press: ? - help, Shift-Dir - straight line, f/p - Natasha
Aim: Natasha (moderately wounded, 77% to hit)
The blast of sand hits Natasha!
Natasha is almost dead.
Natasha barely misses you. Natasha casts a spell at you.
You resist with some effort.
You hit Natasha but do no damage.
Natasha is almost dead.
Natasha barely misses you.
You barely miss Natasha.
Natasha is almost dead.
Natasha stares at you and mumbles some strange words.
The magic dart hits you.
* * * LOW HITPOINT WARNING * * *
Natasha claws you!
You die...

#.# #.######.###
#..# #.#
#..........#
##.# #.#
#.######.#.# #.#
#.#####.# #.#.#
#.# #.......#
#.# # #<#
######### #.# #
#.# #.#.# #.#
#####.#.# #.#
#.@.....# #.#
#h###.### #.# #5
#.# #.# #. #.#
#.# ..
#.######.# ##
#........#
........########
#######.# ..#


You could see Natasha and a crimson imp (summoned).

Vanquished Creatures
  2 adders (D:2)
  A worm (D:2)
  3 endoplasms
  4 giant cockroaches
  2 goblins
  2 hobgoblins (D:2)
  2 jackals (D:1)
  A quokka (D:1)
  4 ball pythons
  A bat (D:2)
  2 frilled lizards
  6 kobolds
  8 rats
38 creatures vanquished.

Notes
Turn   | Place    | Note
-------+----------+-------------------------------------------
     0 | D:1      | fireball365 the Demigod Earth Elementalist began the quest
                  | for the Orb.
     0 | D:1      | Reached XP level 1. HP: 14/14 MP: 5/5
   518 | D:1      | Reached skill level 3 in Earth Magic
   518 | D:1      | Reached XP level 2. HP: 20/20 MP: 5/7
  1287 | D:2      | Reached XP level 3. HP: 24/26 MP: 5/9
  1551 | D:2      | Noticed Natasha
  1563 | D:2      | Slain by Natasha

Illustrated notes

Levels and vault maps discovered:
D:1:      lemuel_arrival_tunnels, layout_loops_cross,
          chequers_ecumenical_altar_simple
D:2:      layout_loops_ring, grunt_ministairs_4, minmay_pentomino_w2,
          uniq_natasha

Skill      XL: |  1  2  3 |
---------------+----------+-----
Spellcasting   | 2 |  2.7
Earth Magic    | 3 |  3.3
Stealth        | 2 |  2.1
Armour         | |  0.1
Dodging        | |  1.8
Transmutations | |  0.8

Action                   || total
-------------------------++-------
Melee: Staff             ||     1
       Hand axe          ||     2
 Cast: Sandblast         ||    70
Armor: Leather armour    ||    10
Dodge: Dodged            ||    21
